cohdb
Replays
Latest Replays
All Replays
Popular Replays
Top Player Replays
Match Explorer
How It Works
Community
CoH3 Stats
Reddit
Sign in to upload your games and track your stats! →
Sign in with Steam
Match 45519334
Unlisted
Match 45519334
Overview
Messages
Build Orders
End
Kradschützen Motorcycle Team
250 Light Carrier
Panzergrenadier Squad
Panzergrenadier Squad
Construct Light Support Kompanie
Fire Support Elements
Panzerjäger Squad
Flakvierling Half-track
Selects Panzerjäger Kommand Battlegroup
Selects Mine Fields
Selects Tank Busters
2.5-tonne Medical Truck
Panzerjäger Mechanized Group
Panzergrenadier Squad
Construct Panzerarmee Kommand
Selects Defensive Positions
Vehicle Survival Package
Selects Crew Shock Tactics
Armored Reserves
Panzerjäger Squad
Veteran Squad Leaders
Tiger Heavy Tank
Selects Anti-tank Overwatch
Walking Stuka Rocket Launcher
Selects Butterfly Bomb Drop
Construct Mechanized Kompanie
Emergency Repair Kits
Anti-tank Overwatch
Cpt Darling
FartNoise
Lord Raven
House
0
0
Comments
sign in to comment!
No comments posted yet!